 Dungeon Crawl Stone Soup version 0.30-a0-172-gc5509c9e31 (webtiles) character file.

Game seed: 10668795805281917044

336507 Zonian the Warrior (level 21, 0/127 HPs)
             Began as a Vine Stalker Brigand on Sept 30, 2022.
             Was a Believer of Uskayaw.
             Slain by a vault guard
             ... wielding a +0 dire flail
              (4 damage)
             ... on level 4 of the Vaults on Oct 1, 2022.
             The game lasted 03:05:14 (50428 turns).

Zonian the Warrior (Vine Stalker Brigand)          Turns: 50428, Time: 03:05:14

Health: 0/127      AC: 18    Str: 23    XL:     21   Next: 89%
Magic:  0/36       EV: 15    Int: 16    God:    Uskayaw [**....]
Gold:   2981       SH: 16    Dex: 28    Spells: 30/40 levels left

rFire   + . .      SeeInvis +    t - +11 dagger of the Riding Gods {vorpal, Dex+6}
rCold   + . .      Faith    +    F - +2 kite shield {reflect}
rNeg    + . .      Spirit   +    P - +1 leather armour "Xadufu" {rC+ rN+ Regen+ Str+6}
rPois   +          Reflect  +    x - +2 helmet {Int+3}
rElec   .          Harm     .    n - +2 cloak
rCorr   .          Rampage  .    c - +2 pair of gloves
Will    ++...                    e - +3 pair of boots "Miwec" {+Inv rPois SInv} Stlth **++++++++
                                 b - amulet of faith
HPRegen 2.01/turn                Z - ring of Shadows {Umbra +Inv Stlth+}
MPRegen 0.25/turn                V - +4 ring of slaying

@: wreathed by umbra
A: fangs 3, regeneration 1, magic shield, antimagic bite, no potion heal 2,
hooves 1, fire resistance 1, poison resistance, screaming 1
}: 2/15 runes: serpentine, barnacled
a: Renounce Religion, Evoke Invisibility, Stomp, Line Pass


You were on level 4 of the Vaults.
You worshipped Uskayaw.
Uskayaw was most pleased with you.
You visited 8 branches of the dungeon, and saw 39 of its levels.
You also visited: Desolation.

You collected 7292 gold pieces.
You spent 4311 gold pieces at shops.

Inventory:

Hand Weapons
 i - a +3 vorpal sling
 q - the +9 dagger of Righteous Anger {speed, Stlth+}
   (You found it on level 12 of the Dungeon)

   Attacks with this weapon are significantly faster.
   Stlth:     It makes you more stealthy.
 t - the +11 dagger of the Riding Gods (weapon) {vorpal, Dex+6}
   (You found it on level 3 of the Elven Halls)

   It inflicts extra damage upon your enemies.
   Dex:       It affects your dexterity (+6).
Missiles
 d - 46 poisoned darts (quivered)
 r - 40 boomerangs
 u - 12 silver javelins
 M - 12 curare-tipped darts
 Y - 11 javelins
Armour
 c - a +2 pair of gloves (worn)
 e - the +3 pair of boots "Miwec" (worn) {+Inv rPois SInv}
   (You acquired it on level 3 of the Shoals)

   rPois:     It protects you from poison.
   SInv:      It lets you see invisible.
   +Inv:      It lets you turn invisible.
 n - a +2 cloak (worn)
 x - a +2 helmet of intelligence (worn)
 F - a +2 kite shield of reflection (worn)
 P - the +1 leather armour "Xadufu" (worn) {rC+ rN+ Regen+ Str+6}
   (You found it on level 15 of the Dungeon)

   Str:       It affects your strength (+6).
   rC:        It protects you from cold.
   rN:        It protects you from negative energy.
   Regen:     It increases your rate of health regeneration.
 R - a +3 buckler
Jewellery
 b - an amulet of faith (around neck)
 v - the ring "Mautwyad" {Fly rF+ rN+ SInv}
   (You found it in the Desolation of Salt)

   [ring of see invisible]

   rF:        It protects you from fire.
   rN:        It protects you from negative energy.
   SInv:      It lets you see invisible.
   Fly:       It grants you flight.
 y - a ring of resist corrosion
 K - a ring of protection from cold
 T - a ring of protection from fire
 U - a +4 ring of protection
 V - a +4 ring of slaying (right hand)
 Z - the ring of Shadows (left hand) {Umbra +Inv Stlth+}
   (You bought it in a shop on level 9 of the Dungeon)

   [ring of stealth]

   It surrounds you with an aura of shadow, increasing your stealth and reducing
   the accuracy of all others within it.
   +Inv:      It lets you turn invisible.
   Stlth:     It makes you more stealthy.
Wands
 A - a wand of iceblast (2)
 I - a wand of flame (29)
 L - a wand of paralysis (4)
 N - a wand of digging (5)
 Q - a wand of acid (2)
 S - a wand of mindburst (32)
Scrolls
 j - 6 scrolls of magic mapping
 o - 15 scrolls of poison
 p - a scroll of summoning
 w - 16 scrolls of teleportation
 B - 2 scrolls of blinking
 J - 8 scrolls of butterflies
 W - 3 scrolls of fear
Potions
 f - 4 potions of magic
 g - 23 potions of curing
 h - 7 potions of flight
 k - 6 potions of ambrosia
 l - 8 potions of haste
 m - 3 potions of resistance
 s - 10 potions of lignification
 z - 8 potions of might
 C - 4 potions of berserk rage
 E - 5 potions of brilliance
 G - 5 potions of invisibility
 O - a potion of cancellation
Miscellaneous
 a - a tin of tremorstones (2/2)
 D - a phantom mirror
 H - a box of beasts
 X - a condenser vane


   Skills:
 - Level 19.9 Fighting
 - Level 10.0 Short Blades
 - Level 7.0 Throwing
 - Level 4.0 Armour
 - Level 5.0 Dodging
 - Level 16.3 Stealth
 - Level 9.5 Shields
 - Level 10.0 Spellcasting
 - Level 5.0 Conjurations
 + Level 12.0 Necromancy
 + Level 12.0 Earth Magic
 - Level 16.5 Invocations
 - Level 14.1 Evocations


You had 30 spell levels left.
You knew the following spells:

 Your Spells              Type           Power      Damage    Failure   Level
a - Dispel Undead         Necr           46%        3d18      1%          4
b - Kiss of Death         Conj/Necr      100%       2d13      1%          1
c - Borgnjor's Vile Clut  Necr/Erth      23%        N/A       4%          5

Your spell library contained the following spells:

 Spells                   Type           Power      Damage    Failure   Level
 Sublimation of Blood     Necr           46%        N/A       1%          2
 Magic Dart               Conj           96%        1d7       3%          1
 Shock                    Conj/Air       64%        1d7       9%          1
 Anguish                  Hex/Necr       13%        N/A       21%         4
 Leda's Liquefaction      Hex/Erth       13%        N/A       21%         4
 Petrify                  Tmut/Erth      27%        N/A       21%         4
 Apportation              Tloc           16%        N/A       24%         1
 Dazzling Flash           Conj/Hex       32%        N/A       26%         3
 Call Imp                 Summ           8%         N/A       34%         2
 Ensorcelled Hibernation  Hex/Ice        16%        N/A       34%         2
 Mephitic Cloud           Conj/Pois/Air  13%        N/A       36%         3
 Call Canine Familiar     Summ           8%         N/A       56%         3
 Confusing Touch          Hex            8%         N/A       56%         3
 Gell's Gravitas          Tloc           8%         N/A       56%         3
 Ignite Poison            Fire/Tmut/Pois 8%         N/A       56%         3
 Lesser Beckoning         Tloc           8%         N/A       56%         3
 Ozocubu's Armour         Ice            8%         N/A       56%         3
 Portal Projectile        Hex/Tloc       16%        N/A       56%         3
 Spider Form              Tmut/Pois      8%         N/A       56%         3
 Summon Guardian Golem    Hex/Summ       8%         N/A       56%         3
 Swiftness                Air            8%         N/A       56%         3
 Teleport Other           Tloc           8%         N/A       56%         3
 Tukima's Dance           Hex            8%         N/A       56%         3
 Iskenderun's Battlesphe  Conj           24%        2d8       63%         5
 Iron Shot                Conj/Erth      17%        9d4       73%         6
 Airstrike                Air            4%         2d(1-17)  93%         4
 Cause Fear               Hex            4%         N/A       93%         4
 Olgreb's Toxic Radiance  Pois           8%         N/A       93%         4
 Passage of Golubria      Tloc           8%         N/A       93%         4
 Summon Lightning Spire   Summ/Air       8%         N/A       93%         4
 Arcjolt                  Conj/Air       8%         1d18      93%         5
 Fireball                 Conj/Fire      8%         3d6       93%         5
 Irradiate                Conj/Tmut      8%         3d14      93%         5
 Statue Form              Tmut/Erth      18%        N/A       97%         6
 Freezing Cloud           Conj/Ice/Air   6%         6-21      98%         5
 Alistair's Intoxication  Tmut/Pois      5%         N/A       100%        5
 Blade Hands              Tmut           4%         N/A       100%        5
 Metabolic Englaciation   Hex/Ice        4%         N/A       100%        5
 Silence                  Hex/Air        4%         N/A       100%        5
 Summon Forest            Summ/Tloc      4%         N/A       100%        5
 Summon Mana Viper        Hex/Summ       8%         N/A       100%        5
 Conjure Ball Lightning   Conj/Air       8%         3x3d6     100%        6
 Eringya's Noxious Bog    Tmut/Pois      4%         N/A       100%        6
 Starburst                Conj/Fire      8%         6d4       100%        6
 Summon Cactus Giant      Summ           4%         N/A       100%        6
 Enfeeble                 Hex            4%         N/A       100%        7
 Haunt                    Necr/Summ      13%        N/A       100%        7
 Malign Gateway           Summ/Tloc      4%         N/A       100%        7
 Orb of Destruction       Conj           12%        9d7       100%        7
 Ozocubu's Refrigeration  Ice            4%         4d8       100%        7
 Spellforged Servitor     Conj/Summ      8%         N/A       100%        7
 Storm Form               Tmut/Air       4%         N/A       100%        7
 Borgnjor's Revivificati  Necr           23%        N/A       100%        8
 Discord                  Hex            4%         N/A       100%        8
 Disjunction              Tloc           4%         N/A       100%        8
 Lehudib's Crystal Spear  Conj/Erth      17%        10d5      100%        8
 Maxwell's Capacitive Co  Air            4%         ∞         100%        8
 Necromutation            Tmut/Necr      13%        N/A       100%        8
 Chain Lightning          Conj/Air       8%         3d10      100%        9
 Death's Door             Necr           23%        N/A       100%        9
 Fire Storm               Conj/Fire      8%         8d2       100%        9
 Shatter                  Erth           23%        3d20*     100%        9


Dungeon Overview and Level Annotations

Branches:
Dungeon (15/15)            Temple (1/1) D:7            Lair (5/5) D:8
 Shoals (4/4) Lair:3        Snake (4/4) Lair:3        Slime (0/5) Lair:4
    Orc (2/2) D:11            Elf (3/3) Orc:2        Vaults (5/5) D:14
  Crypt (0/3) Vaults:2     Depths (0/4) D:15        Desolation (visited)

Altars:
Ashenzari
Cheibriados
Dithmenos
Elyvilon
Fedhas
Gozag
Hepliaklqana
Kikubaaqudgha
Makhleb
Nemelex Xobeh
Okawaru
Ru
Sif Muna
Trog
Uskayaw
Vehumet
Wu Jian
Xom
Yredelemnul
Zin
The Shining One
Jiyva

Shops:
D:7 *   D:9 =   D:10 !   Orc:2 (([:   Elf:1 [   Shoals:1 *   Shoals:2 [?=
Shoals:4 [   Snake:1 :==   Snake:2 ?   Snake:3 ***   Vaults:1 ?   Vaults:2 =

Portals:
Trove: D:12 (give +3 storm dragon scales)

Annotations:
D:4 2 transporters, Darkkill's ghost, weakling HuHu
D:12 exclusion: obsidian statue
D:14 Roxanne
Elf:2 3 runed translucent doors
Vaults:2 1 runed translucent door, exclusion: door, Bailed's ghost, veteran MiMo


Innate Abilities, Weirdness & Mutations

You have razor-sharp teeth.
Your natural rate of healing is unusually fast.
When hurt, damage is shared between your health and your magic reserves.
Your bite disrupts and absorbs the magic of your enemies.
Potions cannot restore your health.
You have large cloven feet.
Your flesh is heat resistant. (rF+)
Your system is resistant to poisons. (rPois)
You occasionally shout uncontrollably at your foes.


Message History

The ironbound preserver hits you with a +0 morningstar.
The vault guard hits you with a +0 war axe!
The ironbound preserver hits you with a +0 mace!
The vault guard hits you with a +3 great sword!
* * * LOW HITPOINT WARNING * * *
You hit the vault guard but do no damage.
You bite the vault guard. You drain its power.
You feel invigorated.
The vault guard is lightly wounded.
You feel sick.
Unknown command.
You puncture the vault guard! You bite the vault guard. You drain its power.
You feel invigorated.
The vault guard is moderately wounded.
You block the vault guard's attack. The vault guard barely misses you.
You block the vault guard's attack. x2; The ironbound preserver misses you.
The vault guard completely misses you.
You block the ironbound preserver's attack.
The vault guard hits you with a +3 great sword!
* * * LOW HITPOINT WARNING * * *
You can now pass through a line of other dancers.
You closely miss the vault guard.
You bite the vault guard, but do no damage.
The vault guard is moderately wounded.
You feel sick. You block the vault guard's attack.
The vault guard closely misses you.
The vault guard hits you with a +0 battleaxe of venom.
* * * LOW HITPOINT WARNING * * *
You are more poisoned.
The vault guard hits you with a +0 great sword!!
* * * LOW HITPOINT WARNING * * *
The ironbound preserver closely misses you.
The vault guard hits you but does no damage.
The ironbound preserver hits you but does no damage.
The vault guard hits you with a +3 great sword!
* * * LOW HITPOINT WARNING * * *
Okay, then.
Your system rejects the healing.
You feel better. You block the vault guard's attack.
The vault guard hits you with a +0 dire flail.
You die...

......# #..#.........#..........#
...>..# #..#.........#..........#
......# #..###########..........#
......# #.......................#
##'######.......................#
.............########...........#
.............#......#.........[.#
.............#.ppp..#...........#
.............#.p@p..#...........#
#########....#.ppp..#...........#
#......#....'......#...........#
#......#....#......#...........#
#......#....########...........#
#......'.......................#
#...<..#.......................#
#......#.......................#
########.......................#


You could see 2 ironbound preservers and 6 vault guards.

Vanquished Creatures
  Sojobo (Vaults:2)
  Frederick (Vaults:2)
  2 deep elf master archers (Elf:3)
  2 deep elf blademasters (Elf:3)
  A sphinx (Vaults:2)
  Polyphemus (Shoals:2)
  Kirke (Shoals:1)
  2 tengu reavers (Vaults:2)
  Ilsuiw (Shoals:4)
  Donald (Vaults:2)
  8 nagarajas
  A fire giant (Vaults:2)
  3 deep elf sorcerers (Elf:3)
  An imperial myrmidon (Desolation)
  10 vault wardens
  2 frost giants (Vaults:3)
  4 deep elf elementalists (Elf:3)
  2 very ugly things (Vaults:2)
  12 ironbound preservers
  A juggernaut zombie (D:15)
  2 war gargoyles (Vaults:3)
  A caustic shrike skeleton (D:15)
  4 ironbound thunderhulks
  A stone giant (Vaults:4)
  3 deep elf demonologists (Elf:3)
  3 deep elf annihilators
  Azrael (Snake:2)
  A halazid warlock (Desolation)
  3 dire elephants (Vaults:2)
  2 deep elf death magi (Elf:3)
  2 entropy weavers
  14 merfolk impalers
  An ettin (Vaults:3)
  7 ragged hierophants (Desolation)
  3 crystal guardians
  3 merfolk javelineers
  18 vault guards
  3 yaktaur captains
  3 deep elf high priests
  10 servants of whispers (Desolation)
  8 great orbs of eyes
  5 salamander tyrants (Snake:4)
  3 catoblepae
  5 merfolk avatars
  9 peacekeepers
  3 hydras
  2 death knights
  12 centaur warriors
  2 ironbound frosthearts
  2 alligator snapping turtles
  16 dancing weapons
  6 boulder beetles
  An ogre mage (D:9)
  8 merfolk aquamancers
  5 anacondas
  3 tengu warriors
  2 two-headed ogres
  9 naga warriors
  3 satyrs
  A vampire mage (D:15)
  8 naga sharpshooters
  8 death yaks
  7 shock serpents
  Urug (D:10)
  5 orc high priests (Orc:2)
  2 deep elf knights
  6 skeletal warriors
  A shadow wraith (Vaults:2)
  A death drake (shapeshifter) (D:13)
  Lodul (D:14)
  10 sea snakes
  5 salamander mystics (Snake:4)
  2 anaconda zombies (Snake:1)
  6 spectral anacondas (Snake:1)
  A kraken simulacrum (Shoals:4)
  36 deep trolls
  The ghost of freelancePsychic the Destroyer, a novice TeRe of Gozag (D:9)
  8 wizards
  4 naga ritualists
  6 deep elf archers
  11 lindwurms
  A necromancer (D:15)
  13 ironbound convokers
  A phantasmal warrior (Vaults:4)
  A sphinx zombie (D:15)
  20 deep elf pyromancers
  2 mana vipers (Snake:3)
  3 anaconda skeletons (Snake:1)
  15 fauns
  32 ugly things
  12 deep elf zephyrmancers
  13 harpies
  An oklob plant (Orc:1)
  9 orc knights
  An orc sorcerer (Orc:1)
  A frost giant zombie (D:15)
  10 manticores
  35 slime creatures
  4 elephants (Lair:3)
  A salamander (shapeshifter) (Elf:2)
  3 cyclopes
  13 salamanders
  5 guardian serpents
  10 merfolk sirens
  29 black mambas
  4 water nymphs
  10 vault sentinels
  A guardian serpent (shapeshifter) (Elf:1)
  21 naga magi
  A torpor snail (Lair:3)
  A rime drake (Lair:3)
  3 molten gargoyles (Desolation)
  12 cane toads
  7 komodo dragons
  14 yaktaurs
  5 anaconda simulacra (Snake:1)
  A gargoyle (D:10)
  An efreet (D:14)
  2 kobold demonologists (D:11)
  A tengu conjurer (D:15)
  8 trolls
  25 merfolk
  6 polar bears
  A tarantella (Vaults:1)
  6 hornets
  3 wind drakes
  49 saltlings (Desolation)
  4 harpy zombies (Shoals:2)
  20 blink frogs
  4 snapping turtles
  6 dream sheep
  11 spriggans (Lair:5)
  A spriggan (shapeshifter) (Elf:2)
  A culicivora (Vaults:4)
  2 shadows
  A vampire (D:13)
  4 air elementals
  11 water elementals
  7 fire elementals
  6 wyverns
  5 hogs (Shoals:1)
  44 yaks
  4 basilisks
  A redback (Vaults:4)
  8 vampire mosquitoes
  3 wargs
  An acid dragon (D:13)
  3 hell hounds (Snake:2)
  44 nagas
  Duvessa (D:7)
  16 water moccasins
  An ice beast (D:7)
  26 orc warriors
  A sky beast (D:8)
  4 manticore zombies (Shoals:2)
  8 black bears
  19 ogres
  33 wolves
  13 boggarts
  9 centaurs
  A phantom (D:6)
  24 bullfrogs
  9 kobold brigands
  3 gnoll sergeants (D:8)
  2 scorpions
  4 earth elementals
  Dowan (D:7)
  4 killer bees (D:9)
  7 electric eels
  11 howler monkeys
  34 orc priests
  2 gnoll boudas (D:8)
  7 hounds
  An iron imp (D:3)
  2 jellies
  Jessica (D:2)
  4 iguanas
  Natasha (thrice) (D:3)
  21 orc wizards
  12 gnolls
  9 adders
  3 shadow imps
  A white imp (D:5)
  2 ufetubi
  A worm (D:3)
  4 dart slugs
  74 orcs
  3 bats (D:2)
  12 endoplasms
  A giant cockroach (D:3)
  7 goblins
  10 hobgoblins
  7 jackals
  A quokka (D:5)
  8 ball pythons
  4 frilled lizards
  28 kobolds
  3 rats
1447 creatures vanquished.

Vanquished Creatures (others)
  A spectral anaconda (Snake:1)
  A saltling (Desolation)
  A butterfly (D:13)
  38 fungi
  99 plants
  4 tentacles (Shoals:4)
  3 toadstools (D:5)
  6 withered plants (D:8)
153 creatures vanquished.

Grand Total: 1600 creatures vanquished

Notes
Turn   | Place    | Note
-------+----------+-------------------------------------------
     0 | D:1      | Zonian the Vine Stalker Brigand began the quest for the
                  | Orb.
     0 | D:1      | Reached XP level 1. HP: 11/11 MP: 2/2
   288 | D:1      | Reached skill level 1 in Dodging
   288 | D:1      | Reached XP level 2. HP: 15/15 MP: 3/3
   369 | D:1      | Reached skill level 5 in Stealth
   395 | D:1      | Reached skill level 2 in Fighting
   922 | D:2      | Reached XP level 3. HP: 17/18 MP: 2/4
  1114 | D:2      | Gained mutation: Your natural rate of healing is unusually
                  | fast. [Vine Stalker growth]
  1114 | D:2      | Reached XP level 4. HP: 7/23 MP: 2/5
  1114 | D:2      | Gained mutation: Your system is resistant to poisons.
                  | (rPois) [potion of mutation]
  1114 | D:2      | Gained mutation: You occasionally shout uncontrollably at
                  | your foes. [potion of mutation]
  1114 | D:2      | Gained mutation: Your flesh is heat resistant. (rF+)
                  | [potion of mutation]
  1114 | D:2      | Gained mutation: You have large cloven feet. [potion of
                  | mutation]
  1466 | D:2      | Noticed Jessica
  1469 | D:2      | Killed Jessica
  2036 | D:3      | Reached XP level 5. HP: 27/27 MP: 6/6
  2088 | D:3      | Noticed Natasha
  2095 | D:3      | Killed Natasha
  2362 | D:3      | Noticed Natasha
  2363 | D:3      | Found a bloodstained altar of Trog.
  2516 | D:3      | Killed Natasha
  2696 | D:3      | Found a snail-covered altar of Cheibriados.
  2805 | D:3      | Noticed Natasha
  2810 | D:3      | Killed Natasha
  2811 | D:3      | Reached XP level 6. HP: 31/32 MP: 4/7
  2918 | D:3      | Reached skill level 3 in Fighting
  3233 | D:4      | Found a transporter.
  3236 | D:4      | Found a transporter.
  3239 | D:4      | Noticed Darkkill's ghost (weakling HuHu)
  3604 | D:4      | Reached XP level 7. HP: 36/36 MP: 8/8
  3963 | D:4      | Found a broken altar of Ashenzari.
  4282 | D:5      | Entered Level 5 of the Dungeon
  4291 | D:5      | Found a blossoming altar of Fedhas.
  4322 | D:5      | Found Huatuyda's Vocational Training.
  4557 | D:5      | Found an iron altar of Okawaru.
  5278 | D:6      | Identified the +5 halberd "Iggemula" {flame, rC+ Will-
                  | Stlth+}
  5393 | D:6      | Noticed a yak
  5393 | D:6      | Noticed a yak
  5393 | D:6      | Noticed a yak
  5411 | D:6      | Killed a yak
  5412 | D:6      | Reached skill level 4 in Fighting
  5412 | D:6      | Gained mutation: You have razor-sharp teeth. [Vine Stalker
                  | growth]
  5412 | D:6      | Reached XP level 8. HP: 34/42 MP: 9/9
  5420 | D:6      | Killed a yak
  5432 | D:6      | Killed a yak
  5816 | D:6      | Reached XP level 9. HP: 41/46 MP: 8/10
  5844 | D:6      | Found a sacrificial altar of Ru.
  5955 | D:6      | Reached skill level 5 in Short Blades
  5989 | D:6      | Reached skill level 5 in Fighting
  6248 | D:7      | Found a radiant altar of Vehumet.
  6311 | D:7      | Noticed an angel
  6314 | D:7      | Found Rier Pio's Hallowed Reliquary.
  6321 | D:7      | Found a flagged portal.
  6323 | D:7      | Bought a potion of curing for 33 gold pieces
  6323 | D:7      | Bought 2 potions of curing for 66 gold pieces
  6323 | D:7      | Bought a potion of curing for 33 gold pieces
  6366 | D:7      | Found a white marble altar of Elyvilon.
  6415 | D:7      | Reached skill level 5 in Throwing
  6993 | D:7      | Noticed Duvessa
  6995 | D:7      | Noticed Dowan
  7001 | D:7      | Killed Duvessa
  7012 | D:7      | Killed Dowan
  7017 | D:7      | Found a staircase to the Ecumenical Temple.
  7027 | Temple   | Entered the Ecumenical Temple
  7035 | Temple   | Became a worshipper of Uskayaw the Reveller
  7499 | D:8      | Found an ancient bone altar of Kikubaaqudgha.
  7514 | D:8      | Found a staircase to the Lair.
  7526 | D:8      | Reached * piety under Uskayaw
  7535 | D:8      | Reached ** piety under Uskayaw
  7541 | D:8      | Reached *** piety under Uskayaw
  7637 | D:8      | Found an ornate altar of the Wu Jian Council.
  7715 | D:8      | Reached skill level 5 in Dodging
  7819 | D:8      | Found a shadowy altar of Dithmenos.
  8129 | D:8      | Reached XP level 10. HP: 53/53 MP: 11/11
  8133 | D:8      | Reached skill level 1 in Shields
  8179 | D:8      | Reached skill level 6 in Fighting
  8181 | D:8      | Reached **** piety under Uskayaw
  8185 | D:8      | Reached ***** piety under Uskayaw
  8339 | D:8      | Reached skill level 10 in Stealth
  8380 | D:8      | Reached ****** piety under Uskayaw
  8923 | D:8      | Noticed a two-headed ogre
  9373 | D:8      | Killed a two-headed ogre
  9374 | D:8      | Reached skill level 7 in Fighting
  9374 | D:8      | Reached XP level 11. HP: 45/58 MP: 12/12
  9525 | Lair:1   | Entered Level 1 of the Lair of Beasts
 10546 | Lair:2   | Noticed a five-headed hydra
 10721 | Lair:2   | Noticed a catoblepas
 10754 | Lair:2   | Killed a catoblepas
 10755 | Lair:2   | Reached skill level 5 in Shields
 11124 | Lair:2   | Reached skill level 8 in Fighting
 11247 | Lair:2   | Reached XP level 12. HP: 51/65 MP: 13/13
 11953 | Lair:2   | Reached skill level 9 in Fighting
 12257 | Lair:3   | Found a staircase to the Snake Pit.
 12263 | Lair:3   | Reached skill level 1 in Invocations
 12617 | Lair:3   | Found a staircase to the Shoals.
 12951 | Lair:3   | Noticed a catoblepas
 13004 | Lair:3   | Killed a catoblepas
 13621 | Lair:4   | Noticed a death yak
 13695 | Lair:4   | Noticed a death yak
 13793 | Lair:4   | Reached XP level 13. HP: 71/71 MP: 16/16
 13991 | Lair:4   | Reached skill level 10 in Short Blades
 14002 | Lair:4   | Reached skill level 10 in Fighting
 14091 | Lair:4   | Reached skill level 5 in Invocations
 14451 | Lair:4   | Found a viscous altar of Jiyva.
 14451 | Lair:4   | Found a staircase to the Slime Pits.
 14674 | Lair:5   | Entered Level 5 of the Lair of Beasts
 14719 | Lair:5   | Reached skill level 15 in Stealth
 14969 | Lair:5   | Reached skill level 1 in Evocations
 15415 | Lair:5   | Found a hazy altar of Hepliaklqana.
 15439 | Lair:5   | Reached skill level 11 in Fighting
 16024 | Lair:5   | Reached XP level 14. HP: 71/79 MP: 19/19
 17103 | D:9      | Found a hazy altar of Hepliaklqana.
 17195 | D:9      | Reached skill level 1 in Spellcasting
 17203 | D:9      | Found Tyri Sof's Jewellery Boutique.
 17219 | D:9      | Found a runed translucent gate.
 17219 | D:9      | Noticed freelancePsychic's ghost (novice TeRe)
 17230 | D:9      | Bought the ring of Shadows {Umbra +Inv Stlth+} for 480 gold
                  | pieces
 17230 | D:9      | Found the ring of Shadows {Umbra +Inv Stlth+}
 17281 | D:9      | Identified a scroll of acquirement
 17281 | D:9      | Acquired 743 gold pieces
 17390 | D:9      | Found a runed translucent gate.
 17390 | D:9      | Found a runed translucent gate.
 17748 | D:10     | Entered Level 10 of the Dungeon
 17777 | D:10     | Found Syjen's Distillery.
 17827 | D:10     | Found a sparkling altar of Nemelex Xobeh.
 17867 | D:10     | Noticed Urug
 17869 | D:10     | Killed Urug
 18846 | D:11     | Found a staircase to the Orcish Mines.
 19797 | D:12     | HP: 1/79 [large slime creature (8)]
 20195 | D:12     | Found a portal to a secret trove of treasure.
 20219 | D:12     | Identified the +9 dagger of Righteous Anger {speed, Stlth+}
 20525 | D:12     | Reached skill level 5 in Evocations
 21165 | D:5      | Bought a manual of Invocations for 960 gold pieces
 21438 | D:9      | Killed freelancePsychic's ghost
 21780 | D:13     | Reached skill level 12 in Fighting
 22141 | D:13     | Found a white marble altar of Elyvilon.
 22294 | D:13     | Reached skill level 5 in Spellcasting
 22383 | D:14     | Noticed Lodul
 22390 | D:14     | Killed Lodul
 22666 | D:14     | Identified Roxanne's Codex of Transfiguration
 22666 | D:14     | Noticed Roxanne
 22865 | D:14     | Reached XP level 15. HP: 85/85 MP: 24/24
 22875 | D:14     | Reached skill level 10 in Invocations
 22924 | D:14     | Found a gate to the Vaults.
 23318 | D:15     | Entered Level 15 of the Dungeon
 23318 | D:15     | Found a frozen archway.
 23379 | D:15     | Found a staircase to the Depths.
 23441 | D:15     | Reached skill level 13 in Fighting
 23445 | D:15     | Identified the +1 leather armour "Xadufu" {rC+ rN+ Regen+
                  | Str+6}
 23669 | D:15     | Reached skill level 1 in Armour
 24201 | Orc:1    | Entered Level 1 of the Orcish Mines
 24554 | Orc:2    | Entered Level 2 of the Orcish Mines
 24628 | Orc:2    | Found a staircase to the Elven Halls.
 26176 | Orc:2    | Found Fanuinolo's Weapon Emporium.
 26179 | Orc:2    | Found Daenk's Armour Shoppe.
 26180 | Orc:2    | Found Vyacago's Antique Weapon Emporium.
 26181 | Orc:2    | Found Ibuqeed's Book Emporium.
 26188 | Orc:2    | Bought 2 curare-tipped darts for 21 gold pieces
 26524 | Snake:1  | Entered Level 1 of the Snake Pit
 26538 | Snake:1  | Reached XP level 16. HP: 91/91 MP: 29/29
 27440 | Snake:1  | Found Ygroos's Jewellery Boutique.
 27442 | Snake:1  | Found Gimoh's Book Emporium.
 27443 | Snake:1  | Found Niyso's Jewellery Boutique.
 27621 | Snake:2  | Noticed Azrael
 27647 | Snake:2  | Killed Azrael
 27683 | Snake:2  | Reached skill level 14 in Fighting
 27694 | Snake:2  | Found Gedidup's Magic Scroll Emporium.
 27702 | Snake:2  | Bought a scroll of teleportation for 45 gold pieces
 27702 | Snake:2  | Bought a scroll of blinking for 112 gold pieces
 27731 | Snake:2  | Noticed a nagaraja
 27738 | Snake:2  | Killed a nagaraja
 28887 | Snake:3  | Found Vasufear's General Store.
 28887 | Snake:3  | Found Goegh's Specific Store.
 28911 | Snake:3  | Bought a wand of mindburst (4) for 84 gold pieces
 28958 | Snake:3  | Identified the ring "Rigosiv" {*Corrode AC+4 Dex+5 SInv}
 29011 | Snake:3  | Reached skill level 15 in Invocations
 29053 | Snake:3  | Reached skill level 10 in Spellcasting
 29667 | Snake:3  | Found Wowaf's CLEARANCE SALE!.
 29675 | Snake:3  | Bought a scroll of enchant armour for 22 gold pieces
 29832 | Snake:4  | Entered Level 4 of the Snake Pit
 29852 | Snake:4  | Reached skill level 15 in Fighting
 30170 | Snake:4  | Reached XP level 17. HP: 91/99 MP: 32/32
 30178 | Snake:4  | Learned a level 4 spell: Dispel Undead
 30221 | Snake:4  | Reached skill level 1 in Necromancy
 31417 | Snake:4  | Reached skill level 5 in Necromancy
 31991 | Snake:4  | Got a serpentine rune of Zot
 32027 | Snake:4  | Learned a level 1 spell: Kiss of Death
 32033 | Snake:4  | Learned a level 5 spell: Borgnjor's Vile Clutch
 32166 | Shoals:1 | Entered Level 1 of the Shoals
 32194 | Shoals:1 | Reached skill level 1 in Conjurations
 32194 | Shoals:1 | Reached skill level 1 in Earth Magic
 32597 | Shoals:1 | Found Voydd's Assorted Antiques.
 32618 | Shoals:1 | Bought a wand of mindburst (5) for 231 gold pieces
 32618 | Shoals:1 | Bought a scroll of enchant armour for 247 gold pieces
 32703 | Shoals:1 | Reached XP level 18. HP: 97/104 MP: 33/33
 32741 | Shoals:1 | Noticed Kirke
 32753 | Shoals:1 | Killed Kirke
 33160 | Shoals:2 | Found Qaemiv's Armour Emporium.
 33166 | Shoals:2 | Noticed Polyphemus
 33205 | Shoals:2 | Found Goegh's Jewellery Boutique.
 33829 | Shoals:2 | Killed Polyphemus
 34065 | Shoals:2 | Found Befaptist's Magic Scroll Shoppe.
 34337 | Shoals:3 | Acquired the +3 pair of boots "Miwec" {+Inv rPois SInv}
 34624 | Shoals:3 | Acquired a manual of Fighting
 35142 | Shoals:4 | Entered Level 4 of the Shoals
 35174 | Shoals:4 | Noticed Ilsuiw
 35201 | Shoals:4 | Reached skill level 5 in Conjurations
 35201 | Shoals:4 | Reached skill level 5 in Earth Magic
 35206 | Shoals:4 | Reached skill level 16 in Fighting
 35227 | Shoals:4 | Killed Ilsuiw
 35548 | Shoals:4 | Identified the +0 leather armour of Dogma {rElec rC+}
 35990 | Shoals:4 | Found Egara's Dragon-Slaying Spoils.
 36188 | Shoals:4 | Got a barnacled rune of Zot
 36845 | Elf:1    | Entered Level 1 of the Elven Halls
 37035 | Elf:1    | Reached skill level 17 in Fighting
 37330 | Elf:1    | Found Cemur's Armour Boutique.
 37598 | Elf:2    | Found a crumbling gateway.
 37602 | Elf:2    | Paralysed by an air elemental for 1 turns
 37606 | Elf:2    | Reached skill level 10 in Necromancy
 37617 | Elf:2    | Got the Volume of the Escort and Glaciation
 37620 | Desolati | Entered the Desolation of Salt
 37624 | Desolati | Reached XP level 19. HP: 112/112 MP: 34/34
 37984 | Desolati | Reached skill level 18 in Fighting
 37990 | Desolati | Got the Octavo of Embers and Contamination
 38115 | Desolati | Identified the ring of Dadduh {rPois rF+ Int+6}
 38464 | Desolati | Identified the ring "Opuxuog" {rPois Will+ Str+2 Dex+6}
 38466 | Desolati | Identified the +3 lajatang of Peace {vorpal, *Corrode Dex+2
                  | Stlth+}
 38477 | Desolati | Identified the ring "Mautwyad" {Fly rF+ rN+ SInv}
 38479 | Desolati | Got the Lessons on Virulent Glaciation
 38533 | Desolati | Identified the +3 long sword of the Big Bang {protect,
                  | *Corrode Will+ Int+4 SInv}
 38616 | Elf:2    | Found a runed translucent gate.
 38616 | Elf:2    | Found a runed translucent gate.
 38618 | Elf:2    | Found a runed translucent gate.
 38633 | Elf:2    | Paralysed by an air elemental for 1 turns
 38643 | Elf:2    | Paralysed by an air elemental for 1 turns
 38922 | Elf:2    | Reached skill level 19 in Fighting
 39142 | Elf:3    | Entered Level 3 of the Elven Halls
 39295 | Elf:3    | Reached skill level 10 in Earth Magic
 39780 | Elf:3    | Reached XP level 20. HP: 123/123 MP: 35/35
 40037 | Elf:3    | Found the +8 orange crystal plate armour {Archmagi, Int+3
                  | Clar}
 40053 | Elf:3    | Identified the +11 dagger of the Riding Gods {vorpal,
                  | Dex+6}
 40076 | Elf:3    | Identified the +7 lajatang "Tatojasm" {drain, rPois Will+
                  | Str-3}
 40148 | Elf:3    | Identified the +10 flail of Conscience {pain, +Blink MP+9
                  | Str-4 Dex+2}
 40167 | Elf:3    | Got the Discursus on Morbid Beguiling
 40240 | Elf:3    | Identified the +1 leather armour of the Valley {rN+ Will-
                  | rCorr}
 40602 | D:5      | Bought a manual of Evocations for 960 gold pieces
 40920 | Vaults:1 | Entered Level 1 of the Vaults
 41675 | Shoals:2 | Bought a scroll of acquirement for 884 gold pieces
 41675 | Shoals:2 | Acquired 1051 gold pieces
 42538 | Vaults:1 | Found Othaukk's Magic Scroll Boutique.
 42543 | Vaults:1 | Bought a scroll of teleportation for 54 gold pieces
 43070 | Vaults:2 | Found Poxopuemin's Jewellery Emporium.
 43092 | Vaults:2 | Identified the +4 war axe "Ozuxent" {holy, Fly Str+6 Dex+2}
 43153 | Vaults:2 | Identified the +10 arbalest "Fipror Tauso" {venom, rPois
                  | Dex+2}
 43178 | Vaults:2 | Noticed Sojobo
 43186 | Vaults:2 | Paralysed by an air elemental for 1 turns
 43191 | Vaults:2 | Paralysed by an air elemental for 1 turns
 43576 | Vaults:2 | Killed Sojobo
 43790 | Vaults:2 | Noticed Frederick
 43873 | Vaults:2 | Found a staircase to the Crypt.
 43918 | Vaults:2 | Noticed Donald
 43931 | Vaults:2 | Upgraded the game from 0.30-a0-170-g85af917532 to
                  | 0.30-a0-172-gc5509c9e31
 43945 | Vaults:2 | Killed Donald
 43946 | Vaults:2 | Reached skill level 10 in Evocations
 44076 | Vaults:2 | Found a runed translucent door.
 44076 | Vaults:2 | Found a shimmering altar of Xom.
 44076 | Vaults:2 | Identified the +12 demon trident of War {chaos, +Blink
                  | rElec}
 44076 | Vaults:2 | Noticed Bailed's ghost (veteran MiMo)
 44131 | Vaults:2 | Killed Frederick
 44132 | Vaults:2 | Reached XP level 21. HP: 81/127 MP: 32/36
 44992 | Vaults:3 | Identified the +2 short sword of Infection {freeze, rC+
                  | MP+9 Str+2 Dex-4}
 45282 | Vaults:3 | Identified the +3 ring mail of the Tundras {rN+}
 49642 | D:7      | Bought 3 silver javelins for 79 gold pieces
 50020 | Vaults:5 | Entered Level 5 of the Vaults
 50427 | Vaults:4 | HP: 2/127 [vault guard/+3 great sword (9)]
 50428 | Vaults:4 | Slain by a vault guard

Illustrated notes

Levels and vault maps discovered:
D:1:      minmay_arrival_up_and_down, layout_basic, chequers_avenue
D:2:      layout_basic, serial_bayou_lagoon_a, supply_closet_lemuel,
          minmay_quantized, uniq_jessica
D:3:      kennysheep_six_static_rooms, layout_rooms, slow_altar_1, bloody_trog,
          uniq_natasha
D:4:      layout_basic, mainiacjoe_overflow_alcove_2, gammafunk_ghost_arena,
          serial_forest, infiniplex_forest_corner_2,
          infiniplex_forest_lined_room_2, infiniplex_forest_clump_C,
          infiniplex_forest_clump_diagonal, infiniplex_forest_end_2,
          infiniplex_forest_end_2
D:5:      layout_loops_corners, mainiacjoe_overflow_surrounded_room,
          fedhas_ov_isle_minmay, minmay_gold_behind_fungi,
          nicolae_shop_vocational
D:6:      layout_loops_corners, nicolae_ru_awakened_eye, lightli_corner_chamber
D:7:      layout_basic, fiery_altar_vehumet, overflow_temple_1_default,
          lemuel_temple_firewalk_a, enter_bailey_2, small_statue_intersection,
          nicolae_good_shop, uniq_duvessa
D:8:      lemuel_castle_with_subvaults [lemuel_castle_interior_carwin_1],
          layout_cave_pods, kiku_gazebo_garden_becter,
          nzn_wu_jian_contemplation, nicolae_dithmenos_shadow_blocks,
          david_lair_generic
D:9:      layout_rooms, worldfamousw_hep_ancestral_shrine, serial_shops,
          shop_statue, gammafunk_ghost_split
D:10:     layout_roguey, old_standard_altar, serial_shops,
          nicolae_take_the_stairs, uniq_urug
D:11:     layout_layer_cave, david_orc_5
D:12:     layout_cave_pools, nicolae_trove_entry_free_sample, fountainhead,
          minivault_16, kennysheep_boxes
D:13:     layout_loops_ring, nicolae_elyvilon_peaceful_grove
D:14:     layout_loops_ring, david_vaults_5, kennysheep_cross_room,
          uniq_roxanne, uniq_lodul
D:15:     gammafunk_depths_entry_grave, layout_basic,
          portal_ice_cave_entry_pillars_1
Temple:   hellmonk_temple_rainy
Lair:1:   layout_regular_city, serial_bayou_pond_b
Lair:2:   layout_hall_layers, chequers_serial_rivers_small_3,
          beast_lair_carwin_7, infiniplex_staircase_pool_2, grunt_megastairs_4
Lair:3:   layout_roguey, shoals_dummy_entry,
          minmay_snake_entry_guardpost_medium, small_statue_intersection
Lair:4:   layout_hall_layers, dpeg_slime_entry_enclosed, serial_bayou_pond_c
Lair:5:   minmay_lair_end_enchanted_forest, layout_regular_city, basic_altar
Shoals:1: layout_shoals, serial_shops, nicolae_square_shop, uniq_kirke
Shoals:2: layout_shoals, serial_shops, shop_scrolls, nicolae_stop_n_shop_1,
          nicolae_stop_n_shop_2, nicolae_shoals_undead_eyrie, uniq_polyphemus
Shoals:3: layout_shoals, nicolae_shoals_water_shrine
Shoals:4: shoals_end_grunt_ice, layout_shoals, shoal_ilsuiw,
          nicolae_shoals_square_sea_wall, nicolae_shop_dragon_depot
Snake:1:  layout_onion, grunt_ministairs_7, nicolae_snake_dead_anacondas,
          minmay_shop_grove
Snake:2:  layout_chambers, grunt_ministairs_13, nicolae_stop_n_shop_1,
          nicolae_snake_bzzzt, serial_bayou_shore_b, uniq_azrael
Snake:3:  layout_basic, nicolae_specific_store, nicolae_shop_clearance
Snake:4:  minmay_snake_end_coiled, layout_cave_town,
          nicolae_snake_salamander_fort
Orc:1:    layout_caves, mines3_lemuel
Orc:2:    st_orc_pillars, layout_caves
Elf:1:    layout_gridlike, serial_shops, shop, kennysheep_underground_church
Elf:2:    elven_hall_of_blades_hangedman_original [nicolae_blade_lattice],
          layout_gridlike, portal_desolation_entry_nicolae_slug, uniq_aizul
Elf:3:    elf_hall, layout_geoelf_grid, chequers_big_river, minivault_20,
          minivault_23, serial_sigils_hangedman_writhe
Vaults:1: nicolae_vaults_gold_heap, nicolae_vaults_what_the_h,
          dpeg_vaults_monster_box, ontoclasm_vaults_chip,
          vaults_standard_mumra_x, ontoclasm_vaults_loading_screen,
          layout_vaults_omnicross, serial_shops, nicolae_shop_hallway_plus
Vaults:2: ebering_ghost_xom, blue_anna_dwarven_crypt,
          nicolae_vaults_yaktaur_gun_rack, v_misc_16, vaults_dpeg_hooks,
          nicolae_vaults_rhombus_5, nicolae_vaults_border_crossing,
          vaults_room_hallway, hangedman_vaults_snaps, layout_vaults_big_room,
          serial_shops, shop, uniq_frederick, uniq_donald, uniq_sojobo
Vaults:3: dpeg_vaults_monster_row, nicolae_vaults_quadrants,
          nicolae_vaults_network_barrier, v_misc_13, vaults_mumra_hexcomb,
          hangedman_vaults_river_flow, v_alt_pattern_2, layout_vaults_ring
Vaults:4: ontoclasm_vaults_gateway, nicolae_vaults_little_squares_4,
          ontoclasm_vaults_ring_small, nicolae_vaults_asterisk,
          layout_vaults_omnigrid
Vaults:5

Skill      XL: |  1  2  3  4  5  6  7  8  9 10 11 12 13 14 15 16 17 18 19 20 21 |
---------------+----------------------------------------------------------------+-----
Dodging        | 1 2 3 4 5 |  5.0
Short Blades   | 2 3 4 5 7 8 9 10 | 10.0
Stealth        | 5 6 7 8 9 10 12 14 15 16 | 16.3
Fighting       | 2 3 4 5 7 8 9 11 12 13 15 17 19 | 19.9
Throwing       | 2 3 4 5 6 7 |  7.0
Shields        | 3 5 9 |  9.5
Invocations    | 3 6 9 12 15 16 | 16.5
Evocations     | 3 5 10 14 | 14.1
Spellcasting   | 5 8 10 | 10.0
Armour         | 3 4 |  4.0
Necromancy     | 7 10 12 | 12.0
Conjurations   | 2 5 |  5.0
Earth Magic    | 2 6 10 12 | 12.0

Action                   |  1- 3 |  4- 6 |  7- 9 | 10-12 | 13-15 | 16-18 | 19-21 || total
-------------------------+-------+-------+-------+-------+-------+-------+-------++-------
Melee: Dagger            |    52 |   118 |   296 |   806 |  1273 |  1172 |  1183 ||  4900
       Bite              |     3 |    56 |   104 |   338 |   562 |   493 |   611 ||  2167
       Whip              |       |    62 |       |       |       |       |       ||    62
       Kick              |       |    34 |       |       |       |     1 |       ||    35
       Punch             |       |       |     6 |       |       |       |       ||     6
       Short sword       |       |       |       |    14 |    23 |       |       ||    37
 Fire: Sling             |       |       |       |       |       |       |     1 ||     1
Throw: Dart              |     4 |       |    40 |    80 |   108 |   105 |    64 ||   401
       Boomerang         |       |       |       |     7 |       |     2 |       ||     9
       Javelin           |       |       |       |       |     2 |       |     4 ||     6
       Throwing net      |       |       |       |       |       |       |     1 ||     1
 Cast: Kiss of Death     |       |       |       |       |       |     1 |       ||     1
       Borgnjor's Vile C |       |       |       |       |       |       |     3 ||     3
Invok: Line Pass         |       |       |       |     1 |     3 |       |     2 ||     6
       Grand Finale      |       |       |       |       |       |     1 |     4 ||     5
Evoke: Wand              |       |       |       |     5 |     8 |    26 |    15 ||    54
       Condenser vane    |       |       |       |       |     2 |     2 |     4 ||     8
       Phantom mirror    |       |       |       |       |       |     1 |     2 ||     3
       Tin of tremorston |       |       |       |       |       |       |     2 ||     2
  Use: Scroll            |       |    11 |     1 |    15 |    17 |    13 |    13 ||    70
       Potion            |       |     1 |       |       |     2 |     2 |     2 ||     7
 Stab: Sleeping          |     8 |    16 |     9 |    13 |    55 |    53 |    41 ||   195
       Distracted        |       |       |     1 |     2 |     5 |     3 |     6 ||    17
       Paralysed         |       |       |     2 |    25 |    80 |    97 |   122 ||   326
       Invisible         |       |       |       |       |       |     2 |       ||     2
       Confused          |       |       |       |       |       |     1 |     5 ||     6
       Held in net/web   |       |       |       |       |       |       |     1 ||     1
Armor: Robe              |    11 |    43 |    69 |   179 |   126 |       |       ||   428
       Troll leather arm |       |       |       |       |    43 |       |       ||    43
       Leather armour    |       |       |       |       |    28 |   197 |   185 ||   410
Dodge: Dodged            |    27 |    89 |   159 |   340 |   410 |   364 |   314 ||  1703
Block: Buckler           |       |       |     1 |   151 |   189 |   217 |   252 ||   810
       Kite shield       |       |       |       |       |       |       |    65 ||    65
       Reflection        |       |       |       |       |       |       |     3 ||     3

Table legend: (Time is in decaauts)
 A = Elapsed time spent in this place.
 B = Non-inter-level travel time spent in this place.
 C = Inter-level travel time spent in this place.
 D = Time resting spent in this place.
 E = Time spent auto-exploring this place.
 F = Levels seen in this place.
 G = Mean time per level.
                   A        B        C        D        E       F      G
               +--------+--------+--------+--------+--------+-----+--------+
         Total |  48363 |  42716 |   5647 |   9034 |  20983 |  40 | 1209.1 |
       Dungeon |  18415 |  15045 |   3370 |   1612 |   9248 |  15 | 1227.7 |
        Temple |     14 |      8 |      6 |      0 |      0 |   1 |   14.0 |
          Lair |   7435 |   6719 |    716 |   2092 |   2587 |   5 | 1487.0 |
        Shoals |   4524 |   4201 |    323 |    887 |   1677 |   4 | 1131.0 |
     Snake Pit |   5268 |   5064 |    204 |   1185 |   2572 |   4 | 1317.0 |
  Orcish Mines |   2096 |   1880 |    216 |    501 |    885 |   2 | 1048.0 |
   Elven Halls |   2746 |   2355 |    391 |    177 |   1227 |   3 |  915.3 |
        Vaults |   7067 |   6649 |    418 |   2303 |   2786 |   5 | 1413.4 |
    Desolation |    792 |    792 |      0 |    273 |      0 |   1 |  792.0 |
               +--------+--------+--------+--------+--------+-----+--------+

Top non-repeatable levels by time:
     D:8: 2281 daAuts
Vaults:3: 2143 daAuts
    D:11: 2116 daAuts
Vaults:2: 1941 daAuts
  Lair:5: 1860 daAuts
     D:7: 1615 daAuts
Vaults:4: 1610 daAuts
  Lair:2: 1536 daAuts
    D:14: 1532 daAuts
   Orc:2: 1531 daAuts
 Snake:4: 1511 daAuts
  Lair:3: 1468 daAuts
 Snake:3: 1448 daAuts
Shoals:4: 1395 daAuts
Vaults:1: 1364 daAuts
